 Dungeon Crawl Stone Soup version 0.26-a0-652-gafc20e3620 (webtiles) character file.

Game seed: 12223933958266394931

0 Gargoyl the Skirmisher (level 1, -17/23 HPs)
             Began as a Gnoll Abyssal Knight on Oct 1, 2020.
             Was a Follower of Lugonu.
             Killed from afar by a rakshasa (illusionary) (35 damage)
             ... with a lance of force
             ... on level 2 of the Abyss.
             The game lasted 00:00:35 (49 turns).

Gargoyl the Skirmisher (Gnoll Abyssal Knight)         Turns: 49, Time: 00:00:35

Health: -17/23     AC:  3    Str: 14    XL:     1   Next: 0%
Magic:  3/3        EV: 12    Int: 14    God:    Lugonu [*.....]
Gold:   28         SH:  0    Dex: 14    Spells: 0/0 levels left

rFire    . . .     SeeInvis .   a - +1 hand axe
rCold    . . .     Faith    .   (no shield)
rNeg     . . .     Spirit   .   b - +0 leather armour
rPois    .         Reflect  .   (no helmet)
rElec    .         Harm     .   (no cloak)
rCorr    .         Rampage  .   (no gloves)
MR       .....                  (no boots)
Stlth    +.........             (no amulet)
HPRegen  0.07/turn              (no ring)
MPRegen  0.08/turn              (no ring)

@: no status effects
A: distributed training, fangs 1, strong nose
a: Depart the Abyss, Renounce Religion


You were on level 2 of the Abyss.
You worshipped Lugonu.
Lugonu was aware of your devotion.
You visited 0 branches of the dungeon, and saw 0 of its levels.
You visited the Abyss 1 time.

You collected 28 gold pieces.

Inventory:

Hand Weapons
 a - a +1 hand axe (weapon)
Armour
 b - a +0 leather armour (worn)
Wands
 c - a wand of acid (3)


   Skills:
 + Level 6.4 Fighting
 + Level 0.0 Short Blades
 + Level 0.0 Long Blades
 + Level 4.4 Axes
 + Level 0.0 Maces & Flails
 + Level 0.0 Polearms
 + Level 0.0 Staves
 + Level 0.0 Slings
 + Level 0.0 Bows
 + Level 0.0 Crossbows
 + Level 0.0 Throwing
 + Level 4.4 Armour
 + Level 2.3 Dodging
 + Level 0.0 Stealth
 + Level 0.0 Shields
 + Level 0.0 Unarmed Combat
 + Level 0.0 Spellcasting
 + Level 0.0 Conjurations
 + Level 0.0 Hexes
 + Level 0.0 Summonings
 + Level 0.0 Necromancy
 + Level 0.0 Translocations
 + Level 0.0 Transmutations
 + Level 0.0 Fire Magic
 + Level 0.0 Ice Magic
 + Level 0.0 Air Magic
 + Level 0.0 Earth Magic
 + Level 0.0 Poison Magic
 + Level 4.4 Invocations
 + Level 0.0 Evocations


You couldn't memorise any spells.
You didn't know any spells.
Your spell library was empty.

Dungeon Overview and Level Annotations

Branches:
Dungeon (0/15)

Altars:


Innate Abilities, Weirdness & Mutations

Your experience applies equally to all skills.
You have very sharp teeth.
Your uncanny sense of smell can sniff out nearby items.


Message History

The bolt of acid hits the tentacled starspawn!
The tentacled starspawn is splashed with acid.
The tentacled starspawn is heavily damaged.
The rakshasa blinks!
The starspawn tentacle barely misses you.
The starspawn tentacle grabs you. The starspawn tentacle constricts you.
The starspawn tentacle's grasp on you weakens, but your attempt to escape fails.
The starspawn tentacle loses its grip on you.
The tentacle pulls you backwards! The starspawn tentacle grabs you.
The starspawn tentacle constricts you.
You escape the starspawn tentacle's grasp.
A tentacle flies out from the starspawn's body!
A starspawn tentacle comes into view.
The rakshasa gestures at you. The lance of force misses you.
Unknown command.
The rakshasa gestures at you. The lance of force hits you!!
Ouch! That really hurt!
You die...

.#.##.. .. #
.#..โˆ†....ยง....
#..# ...#..#. #..
#..X.....#.. .#.
##..#โ”‚..# #.##....
#.R##โ”‚.####. .. . #
#...Rw....# ......
##.#....#.#.#........
#..>@...#.#.. #. .. .
#.####......#.#. ....
##...............
#...#.......## .
#.....#.#......##
#......# #..... #
######.### #.####.
#.. .#.#.. # . . #


You could see a tentacled starspawn, 2 rakshasas and a starspawn tentacle.

Vanquished Creatures (others)
  3 starspawn tentacles (Abyss:2)
3 creatures vanquished.

Notes
Turn   | Place    | Note
-------+----------+-------------------------------------------
     0 | Abyss:1  | Gargoyl the Gnoll Abyssal Knight began the quest for the
                  | Orb.
     0 | Abyss:1  | Reached XP level 1. HP: 23/23 MP: 3/3
    37 | Abyss:2  | Noticed a tentacled starspawn
    38 | Abyss:2  | Noticed a rakshasa
    49 | Abyss:2  | Killed from afar by a rakshasa (illusionary)

Illustrated notes

Levels and vault maps discovered:
Abyss:2:  kilobyte_mutagenic_chamber, grunt_abyss_exit_deep_breaths

Action                   || total
-------------------------++-------
Evoke: Wand              ||     5
  Use: Potion            ||     1
Dodge: Dodged            ||     2

Table legend: (Time is in decaauts)
 A = Elapsed time spent in this place.
 B = Non-inter-level travel time spent in this place.
 C = Inter-level travel time spent in this place.
 D = Time resting spent in this place.
 E = Time spent auto-exploring this place.
 F = Levels seen in this place.
 G = Mean time per level.
                   A        B        C        D        E       F      G
               +--------+--------+--------+--------+--------+-----+--------+
         Total |     48 |     48 |      0 |      0 |     17 |   2 |   24.0 |
         Abyss |     48 |     48 |      0 |      0 |     17 |   2 |   24.0 |
               +--------+--------+--------+--------+--------+-----+--------+

Top non-repeatable levels by time:
 Abyss:2: 27 daAuts
 Abyss:1: 21 daAuts
